Map: Dead of Night

Players

Ahnemolos

  • Race: Zerg Zerg

NamroodTuo

  • Race: Zerg Zerg

VOD

Have the link to the VOD?

Description

Time

  • Played on: April 16, 2023, 10:06 a.m.
  • Length: 25:09
Show
View Real Time Build Order
Export as new Build Order

Ahnemolos Zerg 

Build Orders:  

Get SALT Encoding   

  18  0:03  Primal Drone  
  19  0:12  Primal Drone  
  20  0:20  Primal Drone  
  20  0:25  Primal Drone  
  22  0:34  Primal Drone  
  23  0:40  Extractor  
  23  0:49  Primal Drone  
  24  1:06  Primal Warden  
  24  1:08  Primal Drone  
  26  1:15  Extractor  
  26  1:26  Extractor  
  26  1:28  Primal Drone  
  27  1:42  Primal Drone  
  28  2:01  Primal Drone  
  28  2:09  Primal Drone  
  30  2:10  Glevig's Den  
  29  2:27  Primal Drone  
  29  2:28  Primal Attacks Level 1  
  30  2:41  Primal Drone  
  31  3:24  Primal Drone  
  31  3:25  Primal Drone  
  31  3:29  Primal Drone  
  34  3:36  Primal Zergling x5  
  39  3:46  Murvar's Den  
  37  3:52  Primal Drone  
  38  4:00  Primal Zergling  
  38  4:03  Primal Drone  
  38  4:08  Ravasaur x2  
  40  4:11  Primal Zergling  
  40  4:19  Primal Drone  
  42  4:36  Primal Drone  
  43  4:40  Primal Zergling x2  
  45  4:50  Primal Drone  
  46  5:08  Primal Carapace Level 1  
  46  5:23  Primal Drone x2  
  48  5:50  Primal Drone  
  49  6:01  Dakrun's Den, Aerial Burst Sacs  
  49  6:03  Primal Swarm Host  
  49  6:04  Primal Swarm Host  
  49  6:06  Primal Swarm Host x2  
  49  6:07  Primal Swarm Host  
  63  6:11  Primal Drone  
  63  6:12  Primal Drone  
  65  6:24  Primal Swarm Host  
  68  6:32  Primal Drone  
  69  6:44  Primal Swarm Host  
  72  6:52  Primal Drone  
  72  6:58  Primal Drone  
  74  7:09  Primal Warden  
  75  7:24  Primal Swarm Host  
  75  7:25  Primal Swarm Host  
  75  7:26  Primal Swarm Host  
  84  7:31  Primal Drone x2  
  86  7:48  Primal Attacks Level 2  
  85  7:55  Primal Swarm Host  
  88  10:19  Primal Ultralisk x5  
  108  11:20  Primal Ultralisk  
  108  11:21  Primal Ultralisk  
  108  11:26  Brutal Charge  
  111  12:24  Primal Swarm Host x2  
  111  12:26  Primal Zergling, Healing Adaptation  
  111  12:27  Primal Zergling x5  
  111  12:28  Primal Zergling x2  
  125  12:37  Primal Carapace Level 2  
  125  13:26  Impaling Strike  
  125  13:28  Primal Zergling x5  
  125  13:29  Primal Zergling x2  
  130  14:26  Barrage of Spikes  
  129  15:03  Primal Ultralisk x2  
  129  15:06  Primal Zergling x6  
  129  15:07  Primal Zergling x2  
  136  15:26  Tyrant's Protection  
  135  15:47  Primal Attacks Level 3  
  134  18:12  Primal Ultralisk x2  
  134  18:13  Primal Ultralisk x2  
  134  18:16  Primal Ultralisk  
  134  18:17  Primal Ultralisk  
  170  18:22  Primal Zergling x4  
  174  18:55  Ravasaur  
  174  18:58  Dissolving Acid  
  155  19:42  Ravasaur  
  155  19:50  Ravasaur  
  155  19:58  Enlarged Parotid Glands  
  155  20:20  Primal Swarm Host x2  
  155  20:21  Primal Swarm Host x2  
  155  20:22  Primal Swarm Host x2  
  155  20:23  Primal Swarm Host  
  173  20:34  Primal Carapace Level 3  
  173  20:36  Primal Drone  
  173  20:37  Primal Drone  
  169  22:40  Primal Swarm Host x3  
  169  22:42  Primal Ultralisk x2  
  190  22:50  Primal Drone x5  
Show
View Real Time Build Order
Export as new Build Order

NamroodTuo Zerg 

Build Orders:  

Get SALT Encoding   

  12  0:03  Infested SCV  
  13  0:25  Infested Barracks  
  13  0:32  Infested SCV  
  14  0:45  Overlord  
  14  1:09  Overlord  
  14  1:11  Infested SCV  
  14  1:12  Infested SCV  
  14  1:15  Infested SCV  
  17  1:22  Infested SCV  
  18  1:43  Infestation Level 1  
  18  1:46  Infested SCV  
  19  1:57  Infested Refinery  
  19  2:14  Infested SCV  
  19  2:16  Infested SCV  
  21  2:23  Infested Engineering Bay  
  21  2:26  Infested SCV  
  22  2:41  Infested SCV  
  22  2:49  Infested Barracks Tech Lab  
  23  2:55  Infested Refinery  
  23  3:17  Infested SCV, Infested Refinery  
  23  3:18  Infested SCV  
  25  3:41  Infested Marine x2  
  25  3:42  Infested Marine x2  
  25  3:43  Anaerobic Enhancement  
  29  3:56  Overlord x2  
  29  4:12  Infested Marine  
  29  4:13  Infested Marine x5  
  31  4:24  Infested Marine  
  31  4:25  Infested Marine  
  30  4:41  Infested Bunker  
  30  4:43  Infestation Level 2  
  34  4:52  Infested SCV  
  34  4:53  Infested SCV x3  
  38  5:28  Infested Bunker  
  41  5:33  Infested Marine  
  41  5:34  Infested Marine x6  
  46  5:45  Infested SCV  
  46  5:49  Overlord  
  47  5:53  Overlord  
  47  5:59  Unknown  
  39  6:20  Infested Marine x2  
  39  6:21  Infested Marine x4  
  39  6:22  Infested Marine x4  
  39  6:23  Infested Marine x4  
  49  6:43  Broodling Gestation  
  49  6:46  Infested Marine x4  
  49  6:47  Infested Marine x7  
  60  6:52  Infested SCV x3  
  60  6:56  Overlord  
  60  7:04  Infested Missile Turret  
  60  7:12  Infested SCV  
  60  7:13  Infested SCV  
  50  7:43  Infested SCV  
  50  7:45  Infested SCV  
  52  7:54  Stukov Infantry Weapons Level 1  
  52  8:01  Retinal Augmentation  
  52  8:02  Infested Factory  
  48  8:28  Overlord  
  48  8:30  Infested SCV  
  46  9:01  Plagued Munitions  
  46  9:13  Infested Armory  
  50  9:25  Infested Bunker  
  54  9:47  Infested SCV x2  
  54  9:48  Infested SCV  
  57  9:51  Overlord  
  57  10:02  Overseer  
  57  10:03  Overseer x3  
  57  10:14  Infested Bunker  
  57  10:27  Infested Bunker  
  61  10:34  Stukov Infantry Armor Level 1  
  61  10:57  Infested Missile Turret  
  61  11:03  Infested Missile Turret  
  61  11:29  Infested Bunker  
  65  11:31  Infested Missile Turret  
  65  11:40  Infested Factory Tech Lab  
  64  12:13  Infested Siege Tank, Infested Diamondback  
  64  12:15  Infested Siege Tank, Infested Diamondback  
  69  12:45  Infested SCV  
  69  12:46  Infested SCV  
  69  12:48  Aggressive Incubation  
  71  13:10  Infested Siege Tank  
  71  13:14  Regenerative Plating  
  71  13:17  Infested Bunker  
  78  13:51  Overseer x3  
  78  13:54  Overlord x5  
  78  14:14  Stukov Infantry Weapons Level 2  
  78  14:23  Infested Bunker  
  82  15:11  Infested Siege Tank x3  
  82  15:17  Stukov Vehicle and Ship Weapons Level 1  
  95  15:52  Infested Bunker  
  95  16:46  Infested Missile Turret  
  95  17:05  Infested Marine  
  95  17:06  Infested Marine x19  
  112  17:24  Calcified Armor  
  112  17:37  Infested Marine  
  112  17:38  Infested Marine x5  
  103  17:51  Infestation Level 3  
  103  17:54  Saturated Cultures  
  103  17:57  Stukov Vehicle and Ship Armor Level 1  
  103  18:05  Infested Bunker  
  107  18:15  Infested Marine  
  107  18:16  Infested Marine x7  
  115  18:24  Stukov Infantry Armor Level 2  
  115  18:54  Caustic Mucus  
  115  18:58  Infested Siege Tank x4  
  101  19:16  Overseer x2  
  101  19:17  Overseer x2  
  101  19:22  Overlord  
  101  19:25  Overlord  
  82  20:19  Infested Marine  
  82  20:21  Infested Marine x3  
  82  20:22  Infested Marine x5  
  82  20:23  Infested Marine x4  
  82  20:24  Automated Mitosis, Infested Marine x4  
  82  20:25  Infested Marine  
  98  20:41  Infested SCV x2  
  98  20:42  Infested SCV x3  
  103  20:55  Infested Marine  
  103  20:56  Infested Marine x6  
  103  20:57  Infested Marine x2  
  112  21:07  Stukov Vehicle and Ship Weapons Level 2  
  112  21:09  Infested Barracks  
  111  21:24  Acidic Enzymes  
  103  22:07  Infested Siege Tank  
  103  22:08  Infested Siege Tank, Infested Diamondback  
  103  22:09  Infested Siege Tank  
  114  22:10  Infested Diamondback  
  114  22:18  Infested Marine  
  114  22:19  Infested Marine x5  
  106  22:22  Infested Marine  
  106  22:23  Infested Marine x7  
  106  22:24  Infested Marine x6  
  120  22:46  Infested Marine x4  
  120  22:47  Infested Marine x3  
  117  23:07  Infested Bunker  
  125  23:20  Infested Bunker  
  125  23:44  Infested Bunker  
  129  23:52  Infested Marine  
  129  23:53  Infested Marine x6  
  129  23:57  Overlord  
  126  24:19  Infested Marine  
  117  24:20  Infested Marine x13  
  117  24:21  Infested Marine x5  
  134  24:31  Infested Marine x5  
  134  24:32  Infested Marine x4  
  136  24:45  Infested Marine  
  136  24:46  Infested Marine x6  
Tags
 
Commander
DehakaStukov
Matchup
Co-op
Replay Pack
Multiplayer
Add a new tag
Caveats
  • Supply blocks, unpowered buildings, or Contaminate may cause inaccurate times.
  • Supply counts are checked every 10 seconds.